 Dungeon Crawl Stone Soup version 0.28-a0-919-g0b5b508569 (webtiles) character file.

Game seed: 14124110484195925426

507 enile the Skirmisher (level 7, -1/63 HPs)
             Began as a Hill Orc Cinder Acolyte on Nov 25, 2021.
             Was a Priest of Ignis.
             Slain by Sigmund (6 damage)
             ... on level 5 of the Dungeon.
             The game lasted 00:07:45 (4194 turns).

enile the Skirmisher (Hill Orc Cinder Acolyte)      Turns: 4194, Time: 00:07:45

Health: -1/63      AC:  5    Str: 19    XL:     7   Next: 18%
Magic:  0/8        EV: 11    Int: 14    God:    Ignis [***...]
Gold:   141        SH:  0    Dex:  6    Spells: 6/8 levels left

rFire   . . .      SeeInvis .   a - -1 hand axe (flame)
rCold   + . .      Faith    .   (no shield)
rNeg    . . .      Spirit   +   e - +2 leather armour {Will+}
rPois   .          Reflect  .   (no helmet)
rElec   .          Harm     .   (no cloak)
rCorr   .          Rampage  .   (no gloves)
Will    +....                   (no boots)
Stlth   +.........              p - amulet of guardian spirit
HPRegen 0.20/turn               u - ring of ice
MPRegen 0.11/turn               (no ring)

@: no status effects
A: no striking features
a: Renounce Religion, Fiery Armour, Foxfire Swarm, Rising Flame


You were on level 5 of the Dungeon.
You worshipped Ignis.
Ignis was most pleased with you.
You visited 1 branch of the dungeon, and saw 5 of its levels.

You collected 141 gold pieces.

Inventory:

Hand Weapons
 a - a -1 hand axe of flaming (weapon)
 g - a +1 antimagic short sword
 k - a +0 arbalest
 B - a +1 short sword of draining
Missiles
 i - 131 stones (quivered)
 v - 5 poisoned darts
Armour
 b - a +0 robe
 d - a +0 plate armour
 e - a +2 leather armour of willpower (worn)
 l - a +0 leather armour
 n - a +0 cloak
Jewellery
 p - an amulet of guardian spirit (around neck)
 q - an amulet of magic regeneration
 u - a ring of ice (left hand)
Wands
 A - a wand of digging (5)
Scrolls
 c - 2 scrolls of magic mapping {unknown}
 f - 2 scrolls of vulnerability {unknown}
 h - a scroll of amnesia {unknown}
 s - 3 scrolls of teleportation {unknown}
 w - 3 scrolls of noise {unknown}
 x - 5 scrolls of identify {unknown}
 y - 3 scrolls of fear {unknown}
Potions
 m - a potion of brilliance {unknown}
 o - a potion of heal wounds {unknown}
 r - a potion of cancellation {unknown}
 t - a potion of ambrosia {unknown}
 z - a potion of curing


   Skills:
 - Level 6.0 Fighting
 - Level 5.0 Axes
 - Level 3.0 Throwing
 + Level 4.1 Armour
 - Level 1.0 Spellcasting
 - Level 4.0 Fire Magic


You had 6 spell levels left.
You knew the following spells:

 Your Spells              Type           Power      Damage    Failure   Level
a - Scorch                Fire           22%        2d6       9%          2

Your spell library contained the following spells:

 Spells                   Type           Power      Damage    Failure   Level
 Passage of Golubria      Tloc           0%         N/A       96%         4
 Silence                  Hex/Air        0%         N/A       100%        5
 Lehudib's Crystal Spear  Conj/Erth      0%         10d2      100%        8


Dungeon Overview and Level Annotations

Branches:
Dungeon (5/15)             Temple (0/1) D:5

Altars:

Annotations:
D:5 Sigmund


Message History

You closely miss Sigmund.
Sigmund is almost dead.
Casting: Scorch (safe; 9% risk of failure)
Confirm with . or Enter, or press ? or * to list all spells.
Flames lash Sigmund.
Sigmund is almost dead.
Sigmund's fire resistance burns away.
Sigmund hits you with a +1 scythe of protection!
* * * LOW HITPOINT WARNING * * *
Sigmund misses you.
You barely miss Sigmund.
Sigmund is almost dead.
You closely miss Sigmund.
Sigmund is almost dead.
Sigmund is no longer more vulnerable to fire.
Sigmund casts a spell at you. You resist with almost no effort.
You hit Sigmund but do no damage.
Sigmund is almost dead.
Sigmund misses you.
You hit Sigmund but do no damage.
Sigmund is almost dead.
Sigmund barely misses you.
You barely miss Sigmund.
Sigmund is almost dead.
Sigmund hits you with a +1 scythe of protection!
* * * LOW HITPOINT WARNING * * *
You feel better.
You closely miss Sigmund.
Sigmund is almost dead.
Sigmund gestures at you while chanting. The puff of flame hits you!
* * * LOW HITPOINT WARNING * * *
Throw: throwing net
Press: ? - help, Q - select action, (/) - cycle Shift-Dir - straight line, f - Sigmund
Aim: Sigmund, wielding a +1 scythe of protection and wearing a +2 robe of willpower (almost dead, 53% to hit)
You throw a throwing net.
The throwing net closely misses Sigmund.
Sigmund hits you with a +1 scythe of protection.
You die...

#..#.### ..(....
##.##...###......
###..#........#...
#...##..>..##...#
#.#........#...#
#...###...##.#.#
##....###.#....#
###..##...#.#.##.#
........#.....##@#
##########.#.###@#
......##.#
######.##.# .##.#
.##.# .##.# ...(#


You could see Sigmund.

Vanquished Creatures
  Grinder (D:3)
  Eustachio (D:4)
  A centaur zombie (D:5)
  A jelly (D:5)
  A bullfrog skeleton (D:4)
  An iguana (D:4)
  An adder (D:4)
  A worm (D:2)
  A dart slug (D:4)
  2 orcs (D:4)
  10 ball pythons
  An endoplasm (D:4)
  A giant cockroach (D:1)
  3 goblins
  4 hobgoblins
  3 jackals
  6 kobolds
  A quokka (D:2)
  5 bats
  3 frilled lizards
  3 rats
51 creatures vanquished.

Vanquished Creatures (others)
  44 foxfires
44 creatures vanquished.

Grand Total: 95 creatures vanquished

Notes
Turn   | Place    | Note
-------+----------+-------------------------------------------
     0 | D:1      | enile the Hill Orc Cinder Acolyte began the quest for the
                  | Orb.
     0 | D:1      | Reached XP level 1. HP: 19/19 MP: 2/2
   199 | D:1      | Found a faded altar of an unknown god.
   273 | D:1      | Reached skill level 4 in Fighting
   312 | D:1      | Reached XP level 2. HP: 27/27 MP: 3/3
  1243 | D:2      | Reached XP level 3. HP: 27/35 MP: 4/4
  1246 | D:2      | Learned a level 2 spell: Scorch
  1378 | D:2      | Reached skill level 5 in Fighting
  2078 | D:2      | Reached skill level 1 in Armour
  2480 | D:3      | Noticed Grinder
  2487 | D:3      | Killed Grinder
  2488 | D:3      | Reached skill level 5 in Axes
  2488 | D:3      | Reached XP level 4. HP: 44/44 MP: 2/5
  2488 | D:3      | Reached XP level 5. HP: 50/50 MP: 2/6
  2488 | D:3      | Reached XP level 6. HP: 57/57 MP: 2/7
  2983 | D:4      | Reached skill level 6 in Fighting
  2983 | D:4      | Reached skill level 1 in Throwing
  3318 | D:4      | Noticed Eustachio
  3501 | D:4      | Killed Eustachio
  3502 | D:4      | Reached XP level 7. HP: 27/63 MP: 2/8
  3916 | D:5      | Entered Level 5 of the Dungeon
  3949 | D:5      | Found a staircase to the Ecumenical Temple.
  4154 | D:5      | Noticed Sigmund
  4191 | D:5      | HP: 3/63 [Sigmund (8)]
  4194 | D:5      | Slain by Sigmund

Illustrated notes

Levels and vault maps discovered:
D:1:      roderic_chinese_lattice_arrival, layout_loops_corners,
          ebering_ecumenical_altar_mist, st_stairs_4, amethyst_killhole
D:2:      layout_basic, minmay_splitting_lines, hangedman_decor_clover_reticule
D:3:      layout_loops_ring, grunt_ministairs_3,
          nicolae_concentric_dashed_squares_mild, minmay_fountain_box,
          uniq_grinder
D:4:      nicolae_BIG_FREAKIN_CUBE, layout_cave_pools, uniq_eustachio
D:5:      layout_basic, minmay_temple_entry_slanted, gammafunk_ghost_stat_death,
          roderic_batcave, uniq_sigmund

Skill      XL: |  1  2  3  4  5  6  7 |
---------------+----------------------+-----
Fighting       | 4 5 6 |  6.0
Armour         | 3 4 |  4.1
Fire Magic     | 4 |  4.0
Axes           | 5 |  5.0
Throwing       | 3 |  3.0
Spellcasting   | |  1.0

Action                   |  1- 3 |  4- 6 |  7- 9 || total
-------------------------+-------+-------+-------++-------
Melee: Hand axe          |   100 |    42 |    43 ||   185
Throw: Throwing net      |       |     1 |     1 ||     2
 Cast: Scorch            |     1 |     2 |     5 ||     8
Invok: Foxfire Swarm     |     2 |     2 |       ||     4
  Use: Potion            |       |     1 |     1 ||     2
 Stab: Sleeping          |     1 |       |       ||     1
Armor: Robe              |    12 |       |       ||    12
       Leather armour    |    11 |    11 |    13 ||    35
Dodge: Dodged            |    77 |    41 |    30 ||   148

Table legend: (Time is in decaauts)
 A = Elapsed time spent in this place.
 B = Non-inter-level travel time spent in this place.
 C = Inter-level travel time spent in this place.
 D = Time resting spent in this place.
 E = Time spent auto-exploring this place.
 F = Levels seen in this place.
 G = Mean time per level.
                   A        B        C        D        E       F      G
               +--------+--------+--------+--------+--------+-----+--------+
         Total |   4207 |   4123 |     84 |    169 |   3449 |   5 |  841.4 |
       Dungeon |   4207 |   4123 |     84 |    169 |   3449 |   5 |  841.4 |
               +--------+--------+--------+--------+--------+-----+--------+

Top non-repeatable levels by time:
     D:1: 1175 daAuts
     D:2: 979 daAuts
     D:4: 948 daAuts
     D:3: 823 daAuts
     D:5: 280 daAuts
